 Dungeon Crawl Stone Soup version 0.28-a0-881-gae16bb6 (webtiles) character file.

Game seed: 10551225149020158478

3436 PublicAnimeNo1 the Destroyer (level 9, 0/75 HPs)
             Began as a Purple Draconian Conjurer on Nov 20, 2021.
             Was an Elder of Qazlal.
             Slain by Harold (14 damage)
             ... on level 8 of the Dungeon.
             The game lasted 00:15:27 (10105 turns).

PublicAnimeNo1 the Destroyer (DrCj)                Turns: 10105, Time: 00:15:28

Health: 0/75       AC:  8    Str: 10    XL:     9   Next: 77%
Magic:  12/20      EV: 12    Int: 22    God:    Qazlal [****..]
Gold:   125        SH:  5    Dex:  9    Spells: 15/23 levels left

rFire   . . .      SeeInvis +   d - +7 captain's cutlass {speed, disarm}
rCold   + . .      Faith    .   (no shield)
rNeg    . . .      Spirit   .   (armour unavailable)
rPois   .          Reflect  .   (helmet restricted)
rElec   .          Harm     .   (no cloak)
rCorr   .          Rampage  .   (no gloves)
Will    +....                   (no boots)
Stlth   +.........              (no amulet)
HPRegen 0.22/turn               b - ring of protection from cold
MPRegen 0.17/turn               p - ring of see invisible

@: mighty, hasted, repel missiles, very quick
A: breathe power, AC +7, unfitting armour, cold-blooded, shaggy fur 1
a: Breathe Dispelling Energy, Renounce Religion, Upheaval, Elemental Force


You were on level 8 of the Dungeon.
You worshipped Qazlal.
Qazlal was greatly pleased with you.
You visited 1 branch of the dungeon, and saw 8 of its levels.

You collected 377 gold pieces.
You spent 252 gold pieces at shops.

Inventory:

Hand Weapons
 d - the +7 captain's cutlass (weapon) {speed, disarm}
   (You found it on level 5 of the Dungeon)

   Attacks with this weapon are significantly faster.
   It may disarm weapon-wielding foes when striking them, dealing extra damage
   in the process.
 f - a +0 spear
 m - a +3 mace of draining
Armour
 r - a +0 buckler
Jewellery
 b - a ring of protection from cold (left hand)
 k - a ring of positive energy
 n - an amulet of faith
 p - a ring of see invisible (right hand)
 q - a ring of resist corrosion
Wands
 l - a wand of polymorph (2)
 o - a wand of flame (37)
 v - a wand of digging (4)
Scrolls
 a - 3 scrolls of amnesia
 c - 2 scrolls of teleportation
 s - a scroll of blinking {unknown}
 t - a scroll of summoning {unknown}
Potions
 e - a potion of berserk rage
 g - 6 potions of curing
 h - 3 potions of heal wounds
 i - a potion of haste
 u - 2 potions of invisibility {unknown}


   Skills:
 - Level 6.2 Fighting
 + Level 2.5 Short Blades
 + Level 2.9 Dodging
 - Level 1.7 Stealth
 + Level 7.5 Spellcasting
 + Level 8.4 Conjurations
 + Level 6.5 Fire Magic
 + Level 2.3 Invocations


You had 15 spell levels left.
You knew the following spells:

 Your Spells              Type           Power      Damage    Failure   Level
a - Magic Dart            Conj           100%       1d8       1%          1
b - Searing Ray           Conj           90%        2d7       1%          2
c - Foxfire               Conj/Fire      100%       2x1d9     1%          1
d - Flame Wave            Conj/Fire      41%        3d8       3%          4

Your spell library contained the following spells:

 Spells                   Type           Power      Damage    Failure   Level
 Conjure Flame            Conj/Fire      41%        6-21      1%          3
 Dazzling Flash           Conj/Hex       52%        N/A       4%          3
 Stone Arrow              Conj/Erth      52%        3d10      4%          3
 Inner Flame              Hex/Fire       22%        N/A       6%          3
 Animate Skeleton         Necr           16%        N/A       8%          1
 Apportation              Tloc           16%        N/A       8%          1
 Sandblast                Erth           16%        2d6       8%          1
 Summon Small Mammal      Summ           32%        N/A       8%          1
 Ensorcelled Hibernation  Hex/Ice        16%        N/A       12%         2
 Passwall                 Tmut/Erth      6%         N/A       12%         2
 Fulminant Prism          Conj/Hex       13%        3d9       14%         4
 Iskenderun's Mystic Bla  Conj/Tloc      26%        2d7       14%         4
 Call Canine Familiar     Summ           8%         N/A       24%         3
 Frozen Ramparts          Ice            16%        1d3       24%         3
 Portal Projectile        Hex/Tloc       16%        N/A       24%         3
 Tukima's Dance           Hex            8%         N/A       24%         3
 Ice Form                 Ice/Tmut       8%         N/A       61%         4
 Leda's Liquefaction      Hex/Erth       4%         N/A       61%         4
 Summon Ice Beast         Ice/Summ       8%         N/A       61%         4
 Summon Lightning Spire   Summ/Air       8%         N/A       61%         4
 Storm Form               Tmut/Air       4%         N/A       100%        7
 Maxwell's Capacitive Co  Air            4%         ∞         100%        8


Dungeon Overview and Level Annotations

Branches:
Dungeon (8/15)             Temple (0/1) D:5
   Lair: D:8-11

Altars:
Nemelex Xobeh
Qazlal
Sif Muna
Trog
Wu Jian

Shops:
D:6 !

Annotations:
D:8 Harold


Innate Abilities, Weirdness & Mutations

You can breathe bolts of dispelling energy.
Your rich purple scales are hard. (AC +7)
You cannot fit into any form of body armour.
You are cold-blooded and may be slowed by cold attacks.
You are covered in fur. (AC +1)


Message History

Confirm with . or Enter, or press ? or * to list all spells.
Okay, then.
Casting: Flame Wave (dangerous; 3% risk of failure)
Confirm with . or Enter, or press ? or * to list all spells.
Aiming: Searing Ray (safe; 1% risk of failure)
Press: ? - help, Shift-Dir - straight line, f - Harold
Aim: Harold, wielding a +0 mace, wearing a +0 ring mail of fire resistance and quivering a throwing net (lightly wounded, 89% to hit)
The searing ray hits Harold!
Harold is moderately wounded. (Press . to maintain the ray.)
You hear a bellow!
Harold closely misses you.
The searing ray hits Harold.
Harold is moderately wounded.
A yak comes into view.
Harold hits you with a +0 mace!
The searing ray hits Harold!
Harold is heavily wounded.
Harold hits you with a +0 mace!
You have got your breath back.
You hit Harold but do no damage.
Harold is heavily wounded.
You barely miss Harold. You tail-slap Harold.
Harold is heavily wounded.
Harold closely misses you.
You hit Harold.
Harold is heavily wounded.
Harold misses you.
You hit Harold but do no damage.
Harold is heavily wounded.
You barely miss Harold.
Harold is heavily wounded.
Harold hits you with a +0 mace!!
* * * LOW HITPOINT WARNING * * *
You feel much better. Harold hits you with a +0 mace!
You feel very mighty all of a sudden. Harold hits you with a +0 mace!
* * * LOW HITPOINT WARNING * * *
You feel yourself speed up. Harold hits you with a +0 mace!
You die...

.... ... .. #.
#Y### #...#
###.#
#########
##########.#
........
#..@@Y†....#
........
#.##########
......
#.######
###...#
#[.....#
......####
########.#
......'..#
#....# #.#
......##.#
#.##.###.#
...#'###.#
#.##.....#
...'.#
#.###....#####


You could see Harold and a yak.

Vanquished Creatures
  Grinder (D:3)
  Sigmund (D:3)
  2 yaks (D:8)
  A wyvern (D:8)
  A steam dragon (D:8)
  2 orc warriors (D:7)
  A water moccasin (D:7)
  A black bear (D:5)
  2 necrophages
  2 ogres
  A wyvern zombie (D:6)
  2 bullfrogs
  A scorpion (D:6)
  4 killer bees (D:7)
  6 electric eels (D:7)
  3 howler monkeys
  A bullfrog zombie (D:7)
  3 jellies
  A centaur zombie (D:7)
  2 hounds
  A bullfrog skeleton (D:7)
  A gnoll shaman (D:5)
  Jessica (D:2)
  4 iguanas
  Ijyb (D:5)
  2 scorpion zombies (D:3)
  Natasha (thrice) (D:2)
  8 orc wizards
  A hound zombie (D:3)
  A hound skeleton (D:3)
  Robin (D:3)
  7 gnolls
  6 adders
  A shadow imp (D:6)
  2 ufetubi
  2 worms
  5 adder skeletons
  An adder zombie (D:3)
  A dart slug (D:5)
  18 orcs
  5 bats
  8 endoplasms
  5 giant cockroaches
  12 hobgoblins
  6 jackals
  11 kobolds
  4 quokkas
  3 ball pythons
  7 frilled lizards
  13 goblins
  7 rats
  3 foxfires (D:7)
189 creatures vanquished.

Vanquished Creatures (others)
  An orc (D:7)
  112 foxfires (D:7)
113 creatures vanquished.

Grand Total: 302 creatures vanquished

Notes
Turn   | Place    | Note
-------+----------+-------------------------------------------
     0 | D:1      | PublicAnimeNo1 the Draconian Conjurer began the quest for
                  | the Orb.
     0 | D:1      | Reached XP level 1. HP: 14/14 MP: 3/3
   223 | D:1      | Reached XP level 2. HP: 19/22 MP: 0/5
   226 | D:1      | Learned a level 2 spell: Searing Ray
   279 | D:1      | Found a faded altar of an unknown god.
   323 | D:1      | Prayed at the altar of an unknown god.
   323 | D:1      | Became a worshipper of Qazlal Stormbringer
   323 | D:1      | Reached * piety under Qazlal
   366 | D:1      | Reached skill level 1 in Fighting
  1188 | D:2      | Reached XP level 3. HP: 26/28 MP: 0/6
  1684 | D:2      | Reached ** piety under Qazlal
  2064 | D:2      | Noticed Natasha
  2076 | D:2      | Killed Natasha
  2077 | D:2      | Reached XP level 4. HP: 25/36 MP: 0/8
  2549 | D:2      | Reached skill level 5 in Conjurations
  2931 | D:3      | Noticed Robin
  3220 | D:3      | Killed Robin
  3227 | D:3      | Reached XP level 5. HP: 42/42 MP: 2/9
  3454 | D:3      | Noticed Sigmund
  3460 | D:3      | Killed Sigmund
  3461 | D:3      | Reached XP level 6. HP: 51/51 MP: 3/11
  3525 | D:3      | Noticed Jessica
  3532 | D:2      | Killed Jessica
  3555 | D:2      | Noticed Natasha
  3560 | D:2      | Killed Natasha
  3561 | D:2      | Reached skill level 6 in Conjurations
  3660 | D:2      | Noticed Natasha
  3664 | D:2      | Killed Natasha
  3736 | D:3      | Noticed Grinder
  4028 | D:3      | Paralysed by Grinder for 4 turns
  4036 | D:3      | Gained mutation: Your body sometimes deteriorates upon
                  | taking damage. [potion of mutation]
  4036 | D:3      | Gained mutation: You are occasionally teleported next to
                  | monsters. [potion of mutation]
  4036 | D:3      | Gained mutation: You have very sharp teeth. [potion of
                  | mutation]
  4037 | D:3      | Paralysed by Grinder for 4 turns
  4041 | D:3      | Killed Grinder
  4042 | D:3      | Your scales start taking on a rich purple colour.
  4042 | D:3      | Reached skill level 5 in Spellcasting
  4042 | D:3      | Reached XP level 7. HP: 50/59 MP: 0/14
  4169 | D:3      | Reached *** piety under Qazlal
  4232 | D:3      | Learned a level 1 spell: Foxfire
  4237 | D:3      | Learned a level 4 spell: Flame Wave
  4734 | D:4      | Reached skill level 1 in Fire Magic
  4902 | D:4      | Reached skill level 7 in Conjurations
  5160 | D:4      | Reached XP level 8. HP: 67/67 MP: 10/16
  5611 | D:5      | Entered Level 5 of the Dungeon
  5775 | D:5      | Reached **** piety under Qazlal
  5776 | D:5      | Reached skill level 5 in Fighting
  5828 | D:5      | Found the +7 captain's cutlass {speed, disarm}
  5999 | D:5      | Noticed Ijyb
  6012 | D:5      | Killed Ijyb
  6036 | D:5      | Found a staircase to the Ecumenical Temple.
  6901 | D:6      | Found an ornate altar of the Wu Jian Council.
  6989 | D:6      | Found Qeklunk's Distillery.
  6999 | D:6      | Bought a potion of heal wounds for 70 gold pieces
  6999 | D:6      | Bought a potion of heal wounds for 70 gold pieces
  6999 | D:6      | Bought a potion of heal wounds for 70 gold pieces
  6999 | D:6      | Bought a potion of curing for 42 gold pieces
  7470 | D:7      | HP: 2/70 [electric eel/bolt of electricity (8)]
  7831 | D:6      | Lost mutation: Your body sometimes deteriorates upon taking
                  | damage. [potion of mutation]
  7831 | D:6      | Lost mutation: You have very sharp teeth. [potion of
                  | mutation]
  7831 | D:6      | Lost mutation: You are occasionally teleported next to
                  | monsters. [potion of mutation]
  7831 | D:6      | Gained mutation: You are covered in fur. (AC +1) [potion of
                  | mutation]
  7844 | D:7      | Reached skill level 5 in Fire Magic
  8127 | D:7      | Reached XP level 9. HP: 37/75 MP: 12/18
  8802 | D:7      | Found a sparkling altar of Nemelex Xobeh.
  8835 | D:7      | Reached skill level 8 in Conjurations
  9287 | D:7      | Found a shimmering blue altar of Sif Muna.
  9291 | D:7      | Reached skill level 1 in Short Blades
  9394 | D:7      | Reached skill level 1 in Invocations
 10017 | D:8      | Found a bloodstained altar of Trog.
 10077 | D:8      | Noticed Harold
 10105 | D:8      | Slain by Harold

Illustrated notes

Levels and vault maps discovered:
D:1:      dpeg_arrival_stone_temple_mockup, layout_basic,
          shapermc_ecumenical_altar_mp_ritualfount
D:2:      layout_basic, uniq_natasha
D:3:      layout_loops_ring, serial_undead, serial_undead_a, serial_undead_f,
          serial_undead_a, serial_undead_e, serial_undead_a, serial_undead_a,
          serial_undead_a, serial_undead_c, uniq_grinder, uniq_sigmund,
          uniq_robin, uniq_jessica
D:4:      layout_basic, minmay_distorted
D:5:      layout_loops_ring, minmay_temple_entry_drinking_statues, uniq_ijyb
D:6:      layout_basic, mainiacjoe_overflow_cross_hatched, serial_shops,
          nicolae_lakefront_shop
D:7:      layout_basic, kennysheep_orc_sif_temple,
          nemelex_xobeh_ov_fountains_minmay, kennysheep_boxes
D:8:      layout_basic, bloody_trog, minmay_overflow_temple_star_quad,
          dk_vineyard_1, uniq_harold

Skill      XL: |  1  2  3  4  5  6  7  8  9 |
---------------+----------------------------+-----
Fighting       | 1 2 3 4 5 6 |  6.2
Conjurations   | 5 6 7 8 |  8.4
Spellcasting   | 3 5 6 7 |  7.5
Fire Magic     | 2 5 6 |  6.5
Dodging        | 2 |  2.9
Short Blades   | 2 |  2.5
Invocations    | 2 |  2.3
Stealth        | |  1.7

Action                   |  1- 3 |  4- 6 |  7- 9 || total
-------------------------+-------+-------+-------++-------
Melee: Unarmed           |     9 |       |       ||     9
       Mace              |       |    35 |    59 ||    94
       Spear             |       |     1 |       ||     1
       Tailslap          |       |     6 |    14 ||    20
       Bite              |       |       |     8 ||     8
       Cutlass           |       |       |   100 ||   100
 Cast: Magic Dart        |    73 |    33 |    34 ||   140
       Searing Ray       |     2 |    14 |    18 ||    34
       Foxfire           |       |       |    65 ||    65
       Flame Wave        |       |       |     6 ||     6
 Abil: Breathe Dispellin |       |       |     2 ||     2
  Use: Potion            |     1 |     1 |     4 ||     6
       Scroll            |       |     8 |     4 ||    12
Armor: Skin              |     6 |    15 |    52 ||    73
Dodge: Dodged            |     9 |    29 |    84 ||   122
       Repelled          |       |       |     3 ||     3
Block: Other             |     1 |     9 |    28 ||    38

Table legend: (Time is in decaauts)
 A = Elapsed time spent in this place.
 B = Non-inter-level travel time spent in this place.
 C = Inter-level travel time spent in this place.
 D = Time resting spent in this place.
 E = Time spent auto-exploring this place.
 F = Levels seen in this place.
 G = Mean time per level.
                   A        B        C        D        E       F      G
               +--------+--------+--------+--------+--------+-----+--------+
         Total |  10148 |   9812 |    336 |   3070 |   5504 |   8 | 1268.5 |
       Dungeon |  10148 |   9812 |    336 |   3070 |   5504 |   8 | 1268.5 |
               +--------+--------+--------+--------+--------+-----+--------+

Top non-repeatable levels by time:
     D:2: 2186 daAuts
     D:7: 1960 daAuts
     D:1: 1426 daAuts
     D:6: 1424 daAuts
     D:4: 1107 daAuts
     D:3: 1038 daAuts
     D:5: 693 daAuts
     D:8: 312 daAuts
